 Dungeon Crawl Stone Soup version 0.29.1-1-gd02db6906a (webtiles) character file.

Game seed: 4410311569597045163

652 sentinel the Digger (level 8, -12/57 HPs)
             Began as a Meteoran Earth Elementalist on Sept 27, 2022.
             Was an Initiate of Cheibriados.
             Mangled by an iguana (13 damage)
             ... on level 4 of the Dungeon.
             The game lasted 00:06:49 (652 turns).

sentinel the Digger (Meteoran Earth Elementalist)    Turns: 652, Time: 00:06:49

Health: -12/57     AC:  2    Str: 10    XL:     8   Next: 10%
Magic:  0/17       EV: 13    Int: 21    God:    Cheibriados [......]
Gold:   0          SH:  0    Dex: 21    Spells: 12/18 levels left

rFire   . . .      SeeInvis .   j - +8 whip of Bebausk {pain, Dex+6}
rCold   . . .      Faith    .   (no shield)
rNeg    . . .      Spirit   .   a - +0 robe
rPois   .          Reflect  .   (no helmet)
rElec   .          Harm     .   (no cloak)
rCorr   .          Rampage  .   (no gloves)
Will    +....                   (no boots)
Stlth   +.........              (no amulet)
HPRegen 0.19/turn               (no ring)
MPRegen 0.15/turn               (no ring)

@: glowing, very slow
A: sense surroundings 1, otherworldly, glowing, explore regen
a: Renounce Religion


You were on level 4 of the Dungeon.
You worshipped Cheibriados.
Cheibriados was noncommittal.
You visited 2 branches of the dungeon, and saw 7 of its levels.

Inventory:

Hand Weapons
 j - the +8 whip of Bebausk (weapon) {pain, Dex+6}
   (You found it on level 3 of the Dungeon)

   In the hands of one skilled in necromantic magic, it inflicts extra damage on
   living creatures.
   Dex:       It affects your dexterity (+6).
Armour
 a - a +0 robe (worn)
Wands
 f - a wand of polymorph (9)
 I - a wand of iceblast (12)
 P - a wand of paralysis (6)
Scrolls
 d - a scroll of torment
 e - 2 scrolls of noise
 h - a scroll of enchant weapon
 k - a scroll of silence {!r}
 t - a scroll of teleportation
Potions
 b - 2 potions of magic
 c - a potion of cancellation
 g - a potion of flight {unknown}
 i - a potion of invisibility {unknown}


   Skills:
 - Level 2.4 Dodging
 - Level 1.4 Stealth
 + Level 5.8 Spellcasting
 - Level 5.0 Conjurations
 - Level 1.2 Transmutations
 - Level 6.7 Earth Magic
 * Level 1.7 Evocations


You had 12 spell levels left.
You knew the following spells:

 Your Spells              Type           Power      Damage    Failure   Level
a - Sandblast             Erth           68%        2d15      1%          1
b - Stone Arrow           Conj/Erth      60%        3d10      2%          3
c - Passwall              Tmut/Erth      18%        N/A       3%          2

Your spell library contained the following spells:

 Spells                   Type           Power      Damage    Failure   Level
 Petrify                  Tmut/Erth      22%        N/A       19%         4
 Confusing Touch          Hex            6%         N/A       30%         3
 Yara's Violent Unravell  Hex/Tmut       4%         3d4       91%         5
 Enfeeble                 Hex            3%         N/A       100%        7


Dungeon Overview and Level Annotations

Branches:
Dungeon (6/15) Zot: 4416   Temple (1/1) D:4 Zot: 862

Altars:
Cheibriados
Elyvilon
Fedhas
Gozag
Hepliaklqana
Kikubaaqudgha
Makhleb
Okawaru
Ru
Sif Muna
Trog
Wu Jian
Xom
The Shining One

Annotations:
D:4 Eustachio; diceflayer's ghost, amateur DsFi


Innate Abilities, Weirdness & Mutations

You passively map a small area around you.
You are easily found by Zot.
You glow in the dark.
You regain HP and MP as you explore.


Message History

The kobold brigand shouts!
You hear a shout!
The kobold shouts!
The kobold shouts!
You see here an adder skeleton.
Press: ? - help, v - describe, . - travel
Here: diceflayer's ghost (fire blocked by a runed translucent door)
The floor.
Found a war axe.
Found a scale mail.
As you open the gate, it creaks loudly!
Okay, then.
The kobold attacks as you move away! The kobold barely misses you.
Eustachio the Magnificent comes into view.
He is wielding a +0 rapier.
Aiming: Iceblast
Press: ? - help, Shift-Dir - straight line, f - kobold
Aim: a kobold, wielding a +0 dagger and carrying a wand of flame (13)
Okay, then.
Press: ? - help, v - describe, . - travel
Here: a kobold, wielding a +0 rapier of venom Some shallow water.
Unknown command.
The kobold attacks as you move away! The kobold barely misses you.
A kobold comes into view. It is wielding a +0 whip.
The kobold closely misses you.
The kobold hits you with a +0 short sword.
The kobold attacks as you move away! The kobold hits you but does no damage.
The kobold attacks as you move away! The kobold hits you with a +0 dagger.
Eustachio casts a spell.
The kobold hits you with a +0 dagger. The kobold attacks as you move away!
The kobold hits you with a +0 dagger. The kobold attacks as you move away!
The kobold hits you with a +0 dagger.
The kobold shouts!
Casting: Sandblast (safe; 1% risk of failure)
Confirm with . or Enter, or press ? or * to list all spells.
Aiming: Sandblast (safe; 1% risk of failure)
Press: ? - help, Shift-Dir - straight line, f - kobold
Aim: a kobold, wielding a +0 whip (80% to hit)
The blast of sand hits the kobold!!
You kill the kobold!
Cheibriados thoroughly appreciates the change of pace.
The kobold hits you with a +0 dagger.
Diceflayer's ghost whispers, "The ORB doesn't exist."
An iguana comes into view.
Press: ? - help, v - describe, . - travel
Here: a kobold brigand, wielding a +2 whip of draining and quivering poisoned darts The floor.
Casting: Sandblast (safe; 1% risk of failure)
Confirm with . or Enter, or press ? or * to list all spells.
Aiming: Stone Arrow (dangerous; 2% risk of failure)
Press: ? - help, Shift-Dir - straight line, f - kobold brigand
Aim: a kobold brigand, wielding a +2 whip of draining and quivering poisoned darts (67% to hit)
The stone arrow misses the kobold brigand.
The stone arrow hits the kobold!
You kill the kobold!
Cheibriados appreciates the change of pace.
The iguana hisses angrily.
The kobold brigand hits you with a +2 whip of draining.
You feel drained.
Casting: Stone Arrow (dangerous; 2% risk of failure)
Confirm with . or Enter, or press ? or * to list all spells.
Aiming: Stone Arrow (dangerous; 2% risk of failure)
Press: ? - help, Shift-Dir - straight line, f - Eustachio, p - kobold brigand
Aim: Eustachio, wielding a +0 rapier and wearing a +0 leather armour (64% to hit)
The stone arrow hits the kobold brigand!
The kobold brigand is heavily wounded.
The kobold brigand hits you with a +2 whip of draining!
You feel drained.
Casting: Stone Arrow (dangerous; 2% risk of failure)
Confirm with . or Enter, or press ? or * to list all spells.
Aiming: Stone Arrow (dangerous; 2% risk of failure)
Press: ? - help, Shift-Dir - straight line, f/p - Eustachio
Aim: Eustachio, wielding a +0 rapier and wearing a +0 leather armour (64% to hit)
The stone arrow hits the kobold brigand!
You kill the kobold brigand!
Cheibriados appreciates the change of pace.
Eustachio mumbles some strange words.
Eustachio blinks!
Your life force feels restored.
Your Evocations skill increases to level 1!
You have reached level 8!
Press: ? - help, v - describe, . - travel, g - get item
Here: a kobold, wielding a +1 rapier of distortion
Items here: a +2 whip of draining; 6 poisoned darts.
The floor.
Press: ? - help, v - describe, . - travel, g - get item
Here: a kobold, wielding a +1 rapier of distortion
Items here: a +2 whip of draining; 6 poisoned darts.
The floor.
Aiming: Paralyse
Press: ? - help, Shift-Dir - straight line, f/p - Eustachio
Aim: Eustachio, wielding a +0 rapier and wearing a +0 leather armour (chance to affect: 52%)
Okay, then.
Casting: Stone Arrow (dangerous; 2% risk of failure)
Confirm with . or Enter, or press ? or * to list all spells.
Aiming: Stone Arrow (dangerous; 2% risk of failure)
Press: ? - help, Shift-Dir - straight line, f - kobold, p - Eustachio
Aim: a kobold, wielding a +1 rapier of distortion (67% to hit)
The stone arrow hits the kobold!
You kill the kobold!
Cheibriados appreciates the change of pace.
Casting: Stone Arrow (dangerous; 2% risk of failure)
Confirm with . or Enter, or press ? or * to list all spells.
Aiming: Stone Arrow (dangerous; 2% risk of failure)
Press: ? - help, Shift-Dir - straight line, f - kobold
Aim: a kobold, wielding a +0 dagger (67% to hit)
Okay, then.
Casting: Stone Arrow (dangerous; 2% risk of failure)
Confirm with . or Enter, or press ? or * to list all spells.
Aiming: Sandblast (safe; 1% risk of failure)
Press: ? - help, Shift-Dir - straight line The blast of sand hits the iguana!
The iguana is severely wounded.
The kobold closely misses you.
Casting: Sandblast (safe; 1% risk of failure)
Confirm with . or Enter, or press ? or * to list all spells.
Aiming: Sandblast (safe; 1% risk of failure)
Press: ? - help, Shift-Dir - straight line, f - iguana
Aim: an iguana (severely wounded, 86% to hit)
The blast of sand hits the iguana but does no damage.
The iguana is severely wounded.
The kobold hits you with a +0 dagger. The iguana bites you.
The kobold hits you with a +0 dagger.
Casting: Sandblast (safe; 1% risk of failure)
Confirm with . or Enter, or press ? or * to list all spells.
Aiming: Sandblast (safe; 1% risk of failure)
Press: ? - help, Shift-Dir - straight line, f/p - iguana
Aim: an iguana (severely wounded, 86% to hit)
The blast of sand misses the iguana.
The kobold closely misses you. The iguana completely misses you.
Casting: Sandblast (safe; 1% risk of failure)
Confirm with . or Enter, or press ? or * to list all spells.
Aiming: Sandblast (safe; 1% risk of failure)
Press: ? - help, Shift-Dir - straight line, f/p - iguana
Aim: an iguana (severely wounded, 86% to hit)
The blast of sand hits the iguana.
The iguana is almost dead.
The kobold hits you with a +0 dagger. The iguana barely misses you.
The iguana bites you!
* * * LOW HITPOINT WARNING * * *
The kobold hits you with a +0 dagger.
* * * LOW HITPOINT WARNING * * *
HP warning!
Casting: Sandblast (safe; 1% risk of failure)
Confirm with . or Enter, or press ? or * to list all spells.
You don't have enough magic to cast this spell.
It was a potion of cancellation.
You feel magically purged. The kobold hits you with a +0 dagger.
* * * LOW HITPOINT WARNING * * *
The iguana bites you!
You die...

* .> #####........ ##,
*............. *
.....@......, ,
#####.....).#.#, **
*#P⌠~##......., ,*
.....#..... * . *
..###.'..W#####....**
[.....'..KK@l)..#
.###.'..@#####.... **,
* #.....#...>...####.
##~⌠~##..÷.#.....# *,,
* ######...........####
**,*
#...$...............#
,, ,
#..........#........##,
, *
#.........>#.....##..#,
*
#..........#####.#...#
*


You could see Eustachio, an iguana, diceflayer's ghost and 2 kobolds.

Vanquished Creatures
  A water moccasin (D:5)
  A kobold brigand (D:4)
  2 scorpions (D:4)
  A gnoll bouda (D:4)
  2 orc priests (D:4)
  9 gnolls
  3 adders
  7 orcs
  2 ball pythons
  2 bats
  4 endoplasms
  A giant cockroach (D:4)
  6 goblins
  4 hobgoblins
  4 jackals (D:1)
  2 quokkas
  7 kobolds
  4 rats
62 creatures vanquished.

Vanquished Creatures (collateral kills)
  A black bear (D:5)
  A white imp (D:5)
  An ufetubus (D:5)
3 creatures vanquished.

Vanquished Creatures (others)
  2 fungi (D:4)
  5 plants (D:4)
7 creatures vanquished.

Grand Total: 72 creatures vanquished

Notes
Turn   | Place    | Note
-------+----------+-------------------------------------------
     0 | D:1      | sentinel the Meteoran Earth Elementalist began the quest
                  | for the Orb.
     0 | D:1      | Reached XP level 1. HP: 14/14 MP: 5/5
    24 | D:1      | Reached skill level 4 in Earth Magic
    31 | D:1      | Reached XP level 2. HP: 14/20 MP: 0/6
    52 | D:1      | Learned a level 2 spell: Passwall
   105 | D:1      | Reached XP level 3. HP: 3/26 MP: 2/8
   151 | D:2      | Learned a level 3 spell: Stone Arrow
   228 | D:3      | Reached skill level 1 in Conjurations
   228 | D:3      | Reached skill level 5 in Earth Magic
   249 | D:3      | Reached XP level 4. HP: 31/33 MP: 7/9
   256 | D:3      | Identified the +8 whip of Bebausk {pain, Dex+6}
   283 | D:3      | Reached XP level 5. HP: 19/38 MP: 2/10
   363 | D:4      | Found an opulent altar of Gozag.
   369 | D:4      | Reached XP level 6. HP: 16/45 MP: 5/12
   391 | D:5      | Entered Level 5 of the Dungeon
   436 | D:4      | Noticed diceflayer's ghost (amateur DsFi)
   436 | D:4      | Found a runed translucent gate.
   436 | D:4      | Found a runed translucent gate.
   436 | D:4      | Found a runed translucent gate.
   484 | D:5      | Found an ancient bone altar of Kikubaaqudgha.
   484 | D:5      | Found a sacrificial altar of Ru.
   484 | D:5      | Noticed a water moccasin
   487 | D:5      | Killed a water moccasin
   488 | D:5      | Reached skill level 6 in Earth Magic
   488 | D:5      | Reached XP level 7. HP: 50/50 MP: 7/14
   512 | D:5      | Reached skill level 5 in Spellcasting
   512 | D:5      | Reached skill level 5 in Conjurations
   559 | D:4      | Found a staircase to the Ecumenical Temple.
   578 | Temple   | Entered the Ecumenical Temple
   591 | Temple   | Became a worshipper of Cheibriados the Contemplative
   639 | D:4      | Noticed Eustachio
   647 | D:4      | Reached skill level 1 in Evocations
   647 | D:4      | Reached XP level 8. HP: 27/57 MP: 6/17
   652 | D:4      | HP: 1/57 [kobold/+0 dagger (2)]
   652 | D:4      | Mangled by an iguana

Illustrated notes

Levels and vault maps discovered:
D:1:      matt_arrival_grand_opening, layout_rooms,
          hellmonk_ecumenical_altar_heavens_door, minmay_crystal_room
D:2:      layout_loops_cross, serial_bayou_pond_d
D:3:      layout_basic, amethyst_killhole
D:4:      minmay_general_purpose_star, layout_rooms, nicolae_gozag_seed_capital,
          minmay_temple_entry_overgrown, gammafunk_ghost_nasty_kobolds,
          uniq_eustachio
D:5:      layout_gridville, amethyst_overflow_temple_binary
D:6:      layout_gridville
Temple:   hellmonk_temple_of_storms

Skill      XL: |  1  2  3  4  5  6  7 |
---------------+----------------------+-----
Earth Magic    | 4 5 6 |  6.7
Conjurations   | 1 2 3 4 5 |  5.0
Spellcasting   | 3 4 5 |  5.8
Evocations     | 1 |  1.7
Dodging        | |  2.4
Stealth        | |  1.4
Transmutations | |  1.2

Action                   |  1- 3 |  4- 6 |  7- 9 || total
-------------------------+-------+-------+-------++-------
 Cast: Sandblast         |    35 |    39 |    11 ||    85
       Stone Arrow       |       |     6 |    12 ||    18
       Passwall          |       |     1 |     1 ||     2
  Use: Scroll            |       |     6 |     1 ||     7
       Potion            |       |       |     1 ||     1
Armor: Robe              |     4 |     1 |     3 ||     8
Dodge: Dodged            |    21 |    23 |     9 ||    53
